Map: Apotheosis LE

Players

Aegwynn

  • Race: Zerg Zerg
  • League: Master

Drager - Winner!

  • Race: Protoss Protoss
  • League: Master

VOD

https://www.youtube.com/channel/UCcSgNfDNxvyisU-eCj9xyNg/playlists

Description

Time

  • Played on: Aug. 27, 2016, 7:27 a.m.
  • Length: 9:37
Show
View Real Time Build Order
Export as new Build Order

Aegwynn Zerg 

Build Orders: Hatch First 

Get SALT Encoding   

  12  0:00  Drone  
  13  0:13  Overlord  
  13  0:18  Drone  
  14  0:31  Drone x2  
  16  0:36  Drone  
  17  0:59  Hatchery  
  16  1:11  Spawning Pool  
  16  1:14  Drone  
  16  1:17  Drone  
  17  1:21  Drone  
  17  1:25  Extractor  
  17  1:31  Drone  
  18  1:39  Drone  
  18  1:49  Drone  
  19  1:58  Queen  
  19  1:59  Zergling x2  
  22  2:10  Queen  
  22  2:11  Drone x2  
  26  2:21  Drone  
  27  2:23  Drone  
  27  2:25  Metabolic Boost  
  28  2:37  Overlord  
  28  2:55  Drone x3  
  28  2:56  Drone x2  
  33  3:00  Hatchery  
  32  3:10  Pneumatized Carapace  
  32  3:12  Zergling x4  
  34  3:13  Zergling x2  
  35  3:23  Drone  
  35  3:25  Overlord  
  35  3:26  Overlord  
  35  3:44  Evolution Chamber, Drone  
  35  3:45  Drone x5  
  35  3:46  Baneling Nest  
  39  3:51  Drone x2  
  41  3:58  Drone x3  
  41  3:59  Drone  
  44  4:17  Overlord x2  
  44  4:19  Drone x3  
  44  4:22  Queen  
  49  4:27  Zerg Melee Weapons Level 1  
  49  4:30  Zergling x2  
  50  4:39  Zergling x6  
  50  4:40  Zergling x8  
  50  4:43  Queen  
  59  4:45  Spine Crawler  
  59  4:48  Zergling x2  
  59  4:49  Zergling x4  
  59  4:50  Zergling x4  
  61  5:06  Overlord x3  
  61  5:10  Drone x2, Extractor  
  61  5:11  Drone  
  63  5:16  Zergling x2  
  64  5:29  Zergling x14  
  64  5:32  Lair  
  71  5:39  Hatchery  
  71  5:41  Spine Crawler  
  68  5:45  Zergling x10  
  68  5:48  Baneling x4  
  68  5:49  Baneling x2  
  73  5:50  Baneling x4  
  73  5:52  Zergling x6  
  73  5:55  Spine Crawler  
  74  6:06  Zergling x20  
  74  6:07  Zergling x4  
  82  6:14  Zergling x2  
  82  6:17  Zergling x4  
  69  6:23  Baneling x4  
  67  6:25  Zergling x2  
  67  6:30  Overseer  
  60  6:37  Baneling x2  
  60  6:38  Baneling x2  
  55  6:45  Zergling x16  
  55  6:46  Zergling x2  
  58  6:51  Extractor  
  58  6:52  Drone  
  53  6:55  Roach Warren, Drone x2  
  54  7:01  Drone  
  54  7:02  Drone x9  
  64  7:13  Drone  
  64  7:14  Drone x3  
  68  7:16  Queen x2  
  72  7:24  Zergling x2  
  72  7:25  Zergling x8  
  72  7:27  Drone  
  78  7:34  Glial Reconstitution  
  78  7:39  Roach x4  
  83  7:46  Baneling  
  83  7:47  Baneling x2  
  83  7:49  Zergling x14  
  90  8:05  Roach x3  
  94  8:06  Roach  
  94  8:11  Roach x3, Zergling x16  
  94  8:18  Zergling x2, Baneling  
  94  8:19  Zergling x6  
  95  8:27  Overlord x3  
  95  8:33  Roach x5  
  83  8:48  Zergling x18  
  74  8:55  Ravager  
  74  8:56  Zergling x2  
  74  8:57  Zergling x8  
  74  9:01  Roach  
  68  9:10  Roach x4  
  64  9:18  Roach x4  
Show
View Real Time Build Order
Export as new Build Order

Drager Protoss - Winner!

Build Orders: 1 Gate Expand 

Get SALT Encoding   

  12  0:01  Probe (Chrono Boost)  
  13  0:11  Probe (Chrono Boost)  
  14  0:21  Pylon  
  14  0:23  Probe (Chrono Boost)  
  15  0:39  Probe (Chrono Boost)  
  16  0:42  Gateway  
  16  0:46  Assimilator  
  16  0:50  Probe (Chrono Boost)  
  17  1:01  Probe (Chrono Boost)  
  18  1:11  Probe (Chrono Boost)  
  19  1:32  Probe (Chrono Boost)  
  20  1:39  Nexus  
  20  1:45  Cybernetics Core  
  20  1:51  Probe (Chrono Boost)  
  20  1:53  Assimilator  
  22  2:01  Probe (Chrono Boost)  
  22  2:04  Pylon  
  22  2:12  Probe (Chrono Boost)  
  23  2:20  Adept  
  23  2:24  Probe (Chrono Boost)  
  23  2:25  Warp Gate  
  26  2:32  Twilight Council  
  26  2:37  Probe (Chrono Boost)  
  27  2:46  Stalker  
  27  2:49  Probe (Chrono Boost)  
  30  2:52  Probe (Chrono Boost)  
  31  2:58  Robotics Facility  
  31  3:02  Probe (Chrono Boost), Resonating Glaives  
  31  3:11  Probe (Chrono Boost)  
  33  3:21  Probe (Chrono Boost)  
  32  3:32  Probe (Chrono Boost)  
  32  3:34  Probe (Chrono Boost)  
  34  3:42  Pylon  
  34  3:43  Probe (Chrono Boost)  
  35  3:52  Probe (Chrono Boost)  
  35  3:53  Probe (Chrono Boost)  
  37  3:58  Gateway x2  
  37  4:00  Gateway  
  37  4:04  Probe (Chrono Boost)  
  38  4:10  Pylon  
  38  4:12  Pylon  
  38  4:25  Probe (Chrono Boost)  
  38  4:26  Probe (Chrono Boost)  
  38  4:29  Gateway x2  
  40  4:33  Adept, Gateway  
  40  4:34  Warp Prism  
  42  4:45  Gateway  
  44  4:49  Probe (Chrono Boost)  
  44  4:50  Probe (Chrono Boost)  
  46  4:58  Adept x2  
  51  5:01  Probe (Chrono Boost)  
  51  5:13  Pylon  
  51  5:14  Pylon  
  51  5:20  Pylon x2  
  51  5:30  Pylon  
  51  5:41  Adept  
  51  5:42  Adept x5  
  63  5:45  Adept  
  65  6:01  Adept  
  65  6:03  Adept x6  
  79  6:11  Adept  
  57  6:29  Adept x7  
  61  6:37  Adept  
  51  6:53  Adept x3  
  51  6:54  Adept x4  
  61  6:59  Warp Prism  
  57  7:18  Adept x5  
  67  7:23  Adept x2  
  67  7:25  Adept  
  73  7:44  Adept  
  73  7:45  Adept x5  
  85  8:10  Adept x7  
  83  8:31  Adept x5  
  83  8:32  Adept  
  77  8:59  Adept x2  
  77  9:00  Adept x6  
  85  9:20  Adept x4  
  85  9:21  Adept  
Tags
 
Add a new tag
Caveats
  • Supply blocks, unpowered buildings, or Contaminate may cause inaccurate times.
  • Supply counts are checked every 10 seconds.